Map: Thunderbird LE

Players

Profit - Winner!

  • Race: Zerg Zerg
  • League: Platinum
  • Spawn Location: 5:00

pHARM

  • Race: Zerg Zerg
  • League: Platinum
  • Spawn Location: 11:00

VOD

Have the link to the VOD?

Description

Time

  • Played on: Aug. 31, 2019, 10:14 p.m.
  • Length: 4:04
Show
View Real Time Build Order
Export as new Build Order

Profit Zerg - Winner!

Build Orders: Pool First 

Get SALT Encoding   

  12  0:02  Drone  
  13  0:32  Spawning Pool, Extractor  
  11  0:58  Drone  
  11  0:59  Drone x2  
  14  1:15  Hatchery  
  14  1:18  Overlord  
  13  1:23  Drone  
  14  1:36  Drone  
  15  1:42  Drone  
  15  1:46  Metabolic Boost  
  16  1:53  Drone  
  17  2:05  Drone  
  18  2:10  Queen  
  20  2:20  Drone  
  21  2:28  Queen  
  21  2:29  Drone  
  24  2:45  Zergling x4  
  26  2:52  Spine Crawler  
  26  2:54  Zergling x6  
  28  3:00  Overlord x2  
  28  3:09  Extractor  
  28  3:16  Overlord  
  28  3:25  Drone  
  28  3:26  Drone x2  
  31  3:40  Zergling x4  
  32  3:46  Zergling x10  
Show
View Real Time Build Order
Export as new Build Order

pHARM Zerg 

Build Orders: Hatch First 

Get SALT Encoding   

  12  0:01  Drone  
  13  0:16  Overlord  
  13  0:24  Drone  
  14  0:35  Drone x2  
  16  0:52  Hatchery  
  15  0:59  Drone x2  
  15  1:01  Drone  
  18  1:15  Spawning Pool  
  17  1:21  Drone  
  17  1:25  Drone  
  19  1:39  Drone  
  20  1:42  Extractor  
  20  1:43  Drone  
  20  2:05  Overlord  
  20  2:07  Drone x2  
  20  2:08  Queen x2  
  26  2:20  Drone x2  
  28  2:31  Drone x2  
  30  2:38  Drone x2  
  32  2:55  Zergling x4  
  34  3:15  Drone  
  34  3:16  Drone  
  36  3:24  Evolution Chamber  
  36  3:25  Baneling Nest  
  34  3:34  Zergling x4  
  36  3:40  Roach Warren  
Tags
 
Add a new tag
Caveats
  • Supply blocks, unpowered buildings, or Contaminate may cause inaccurate times.
  • Supply counts are checked every 10 seconds.